 Dungeon Crawl Stone Soup version 0.28-a0-1365-g7e0445c96d (webtiles) character file.

Game seed: 6513248573405053290

2846 Deminshera the Summoner (level 9, -3/54 HPs)
             Began as a Tengu Summoner on Dec 31, 2021.
             Was an Initiate of Ashenzari.
             Slain by a boulder beetle (53 damage)
             ... on level 7 of the Dungeon.
             The game lasted 00:23:59 (13316 turns).

Deminshera the Summoner (Tengu Summoner)           Turns: 13316, Time: 00:24:00

Health: -3/54      AC:  3    Str:  9    XL:     9   Next: 74%
Magic:  16/17      EV: 16    Int: 20    God:    Ashenzari [......]
Gold:   281        SH:  5    Dex: 14    Spells: 8/18 levels left

rFire   . . .      SeeInvis .   o - +1 spear "Insecurity of Ashenzari" {venom, Fort, Cun} (curse)
rCold   . . .      Faith    .   g - +0 buckler
rNeg    . . .      Spirit   .   a - +0 robe
rPois   .          Reflect  .   (helmet restricted)
rElec   .          Harm     .   n - +0 cloak
rCorr   .          Rampage  .   (no gloves)
Will    .....                   (boots unavailable)
Stlth   ++........              (no amulet)
HPRegen 0.18/turn               (no ring)
MPRegen 0.15/turn               (no ring)

@: flying quickly and evasively, quick
A: beak, talons 3, nimble flight
a: Renounce Religion, Curse Item, Shatter the Chains


You were on level 7 of the Dungeon.
You worshipped Ashenzari.
Ashenzari was noncommittal.
You visited 2 branches of the dungeon, and saw 8 of its levels.
You also visited: Ossuary.

You collected 281 gold pieces.

Inventory:

Hand Weapons
 o - the cursed +1 spear "Insecurity of Ashenzari" (weapon) {venom, Fort, Cun}
   (You took it off a gnoll on level 4 of the Dungeon)

   It poisons the flesh of those it strikes.
   It has a curse which improves the following skills: Fortitude: Armour and
   Shields.
   Cunning:   Dodging and Stealth.
Armour
 a - a +0 robe (worn)
 g - a +0 buckler (worn)
 n - a +0 cloak (worn)
Magical Staves
 b - a staff of air
Scrolls
 c - 2 scrolls of teleportation {unknown}
 e - a scroll of enchant weapon {unknown}
 i - a scroll of holy word
 j - a scroll of silence
 l - a scroll of magic mapping
 q - a scroll of vulnerability
 r - 2 scrolls of blinking {unknown}
 t - a scroll of amnesia {unknown}
 v - 3 scrolls of fog {unknown}
 w - a scroll of immolation {unknown}
Potions
 d - a potion of ambrosia {unknown}
 f - 2 potions of might
 h - 2 potions of resistance {unknown}
 k - a potion of haste {unknown}
 m - 2 potions of berserk rage
 p - a potion of invisibility {unknown}
 s - a potion of brilliance {unknown}
 u - 3 potions of curing {unknown}


   Skills:
 + Level 5.1 Fighting
 - Level 4.0 Polearms
 - Level 1.6(2.0) Armour
 - Level 3.5(4.0) Dodging
 - Level 3.0(3.4) Stealth
 - Level 4.0(4.4) Shields
 - Level 5.0 Spellcasting
 + Level 10.0 Summonings
 + Level 5.1 Air Magic


You had 8 spell levels left.
You knew the following spells:

 Your Spells              Type           Power      Damage    Failure   Level
a - Summon Small Mammal   Summ           100%       N/A       1%          1
b - Call Imp              Summ           45%        N/A       1%          2
c - Call Canine Familiar  Summ           45%        N/A       1%          3
d - Summon Lightning Spi  Summ/Air       35%        N/A       4%          4

Your spell library contained the following spells:

 Spells                   Type           Power      Damage    Failure   Level
 Summon Guardian Golem    Hex/Summ       25%        N/A       4%          3
 Beastly Appendage        Tmut           10%        N/A       12%         1
 Magic Dart               Conj           20%        1d4       12%         1
 Searing Ray              Conj           10%        2d4       17%         2
 Wereblood                Tmut           5%         N/A       17%         2
 Mephitic Cloud           Conj/Pois/Air  11%        N/A       17%         3
 Spider Form              Tmut/Pois      5%         N/A       34%         3
 Fulminant Prism          Conj/Hex       2%         3d6       75%         4


Dungeon Overview and Level Annotations

Branches:
Dungeon (7/15)             Temple (1/1) D:5         Ossuary (visited)

Altars:
Ashenzari
Dithmenos
Elyvilon
Fedhas
Gozag
Kikubaaqudgha
Makhleb
Nemelex Xobeh
Okawaru
Qazlal
Ru
Sif Muna
Trog
Uskayaw
Vehumet
Wu Jian
Xom
Yredelemnul
Zin
The Shining One


Innate Abilities, Weirdness & Mutations

You have a beak for a mouth.
You have claws for feet.
Your magical nature lets you fly swiftly and evasively.


Message History

Your crimson imp barely misses the steam dragon.
Your crimson imp blinks!
Your lightning spire shoots out a bolt of lightning at the steam dragon!
The bolt of electricity hits the steam dragon.
Your crimson imp blinks!
Your lightning spire shoots out a bolt of lightning at the steam dragon!
The bolt of electricity hits the steam dragon!
Your crimson imp hits the steam dragon but does no damage.
The steam dragon breathes steam at your lightning spire.
The ball of steam hits your lightning spire.
Your lightning spire resists.
Your crimson imp hits the steam dragon.
The steam dragon dies!
Training target 4.0 for Polearms reached!
Your Polearms skill increases to level 4!
You need to enable at least one skill for training.
A jelly comes into view.
Your lightning spire shoots out a bolt of lightning at the jelly!
The bolt of electricity hits the jelly!
Your lightning spire shoots out a bolt of lightning at the jelly!
The bolt of electricity hits the jelly!
The jelly dies!
A boulder beetle comes into view.
Your lightning spire shoots out a bolt of lightning at the boulder beetle!
The bolt of electricity hits the boulder beetle!
A boulder beetle is nearby!
You swap places.
Your lightning spire shoots out a bolt of lightning at the boulder beetle!
The bolt of electricity hits the boulder beetle.
The boulder beetle curls into a ball and begins rolling!
Your lightning spire shoots out a bolt of lightning at the boulder beetle!
The bolt of electricity hits the boulder beetle but does no damage.
Your crimson imp blinks!
Press: ? - help, v - describe, . - travel The floor.
Your lightning spire shoots out a bolt of lightning at the boulder beetle!
The bolt of electricity hits the boulder beetle but does no damage.
The boulder beetle hits you!!!
Ouch! That really hurt!
You die...

#..#........#.
#..##'#######.
#.............
######.............
#..................
#...5..............
#..................
#..................
##.@B...............
#....○..............
#.....°.............
#..8†.°.............
#......°............
#...................
#...................
#...................
#............. .....


You could see a boulder beetle (rolling, ally target), a friendly lightning
spire (summoned) and a friendly crimson imp (summoned).

Vanquished Creatures
  2 ice beasts
  An ogre (D:7)
  A phantom (D:5)
  3 scorpions
  A water moccasin zombie (Ossuary)
  A water moccasin skeleton (D:6)
  A hound (D:5)
  2 orc priests
  A bullfrog skeleton (D:4)
  An iguana (D:7)
  A mummy (Ossuary)
  A gnoll (D:4)
  6 adders
  A white imp (D:7)
  2 adder zombies (Ossuary)
  2 dart slugs
  4 orcs
  2 endoplasms
  2 giant cockroaches
  A goblin (D:4)
  6 hobgoblins
  4 jackals
  A quokka (D:1)
  2 ball pythons
  5 bats
  4 frilled lizards
  3 hobgoblin zombies (Ossuary)
  2 rats
63 creatures vanquished.

Vanquished Creatures (collateral kills)
  A komodo dragon (D:7)
  Grinder (D:3)
  A steam dragon (D:7)
  An ice beast (D:6)
  A necrophage (D:6)
  A centaur (D:5)
  4 ogres
  A bullfrog (D:6)
  Blork the orc (D:4)
  A gnoll sergeant (D:4)
  6 water moccasin zombies
  A jelly (D:7)
  Crazy Yiuf (D:3)
  3 iguanas
  A mummy (Ossuary)
  3 gnolls (D:4)
  2 adders
  A shadow imp (D:7)
  An ufetubus (D:3)
  3 adder zombies (Ossuary)
  A worm (D:3)
  A dart slug (D:1)
  11 orcs
  4 endoplasms
  A giant cockroach (D:3)
  4 goblins
  3 hobgoblins
  6 kobolds
  2 quokkas
  2 ball pythons
  4 bats
  A frilled lizard (D:3)
  A gnoll zombie (Ossuary)
  8 hobgoblin zombies (Ossuary)
  2 kobold zombies (Ossuary)
  3 orc zombies (Ossuary)
  3 rats
92 creatures vanquished.

Vanquished Creatures (others)
  3 plants (D:7)
3 creatures vanquished.

Grand Total: 158 creatures vanquished

Notes
Turn   | Place    | Note
-------+----------+-------------------------------------------
     0 | D:1      | Deminshera the Tengu Summoner began the quest for the Orb.
     0 | D:1      | Reached XP level 1. HP: 10/10 MP: 4/4
   412 | D:1      | Found a faded altar of an unknown god.
   444 | D:1      | Reached XP level 2. HP: 7/15 MP: 3/6
   447 | D:1      | Learned a level 2 spell: Call Imp
   695 | D:1      | Reached skill level 5 in Summonings
  1823 | D:1      | Reached XP level 3. HP: 14/19 MP: 3/7
  1910 | D:1      | Learned a level 3 spell: Call Canine Familiar
  2036 | D:2      | Reached skill level 1 in Shields
  2765 | D:2      | Reached XP level 4. HP: 5/24 MP: 0/8
  4025 | D:3      | Found a sacrificial altar of Ru.
  4026 | D:3      | Noticed Grinder
  4096 | D:3      | Paralysed by Grinder for 3 turns
  4159 | D:3      | Paralysed by Grinder for 5 turns
  4164 | D:3      | Killed Grinder
  4165 | D:3      | Reached skill level 6 in Summonings
  4165 | D:3      | Gained mutation: Your magical nature lets you fly swiftly
                  | and evasively. [Tengu growth]
  4165 | D:3      | Reached XP level 5. HP: 8/28 MP: 1/9
  4165 | D:3      | Reached XP level 6. HP: 9/32 MP: 1/10
  5514 | D:3      | Found a runed translucent door.
  5515 | D:3      | Noticed Crazy Yiuf
  5580 | D:3      | Found a shimmering blue altar of Sif Muna.
  5738 | D:3      | Killed Crazy Yiuf
  5739 | D:3      | Reached skill level 1 in Air Magic
  5823 | D:3      | Learned a level 4 spell: Summon Lightning Spire
  6374 | D:4      | Reached XP level 7. HP: 36/36 MP: 6/12
  6766 | D:4      | Found a burning altar of Makhleb.
  6769 | D:4      | Found a stormy altar of Qazlal.
  6780 | D:4      | Reached skill level 7 in Summonings
  7049 | D:4      | Noticed Blork the orc
  7065 | D:4      | Killed Blork the orc
  7478 | D:4      | Found a bloodstained altar of Trog.
  7695 | D:5      | Entered Level 5 of the Dungeon
  7853 | D:5      | Found a sand-covered staircase.
  7859 | Ossuary  | Entered an ossuary
  8399 | Ossuary  | Reached XP level 8. HP: 41/41 MP: 9/15
  8414 | Ossuary  | Reached skill level 8 in Summonings
  9318 | D:5      | Reached skill level 5 in Spellcasting
  9519 | D:5      | Reached skill level 9 in Summonings
 10013 | D:5      | Found a staircase to the Ecumenical Temple.
 10076 | Temple   | Entered the Ecumenical Temple
 10265 | Temple   | Became a worshipper of Ashenzari the Shackled
 10701 | D:5      | Reached skill level 10 in Summonings
 11065 | D:6      | Reached skill level 1 in Fighting
 11069 | D:6      | Reached XP level 9. HP: 47/47 MP: 11/17
 11139 | D:6      | Found a glowing golden altar of the Shining One.
 11456 | D:6      | Reached skill level 5 in Air Magic
 11624 | D:6      | Reached skill level 1 in Armour
 13023 | D:7      | Noticed a komodo dragon
 13040 | D:7      | Killed a komodo dragon
 13041 | D:7      | Reached skill level 5 in Fighting
 13309 | D:7      | Noticed a boulder beetle
 13316 | D:7      | Slain by a boulder beetle

Illustrated notes

Levels and vault maps discovered:
D:1:      minmay_arrival_doors, layout_loops_cross,
          shapermc_ecumenical_altar_totnotflames, minmay_strange_pillars,
          palyth_stone_intersect
D:2:      layout_rooms
D:3:      wander_river, layout_rooms, nicolae_ru_path_of_blood,
          nicolae_sif_muna_little_library, uniq_grinder, uniq_crazy_yiuf_cottage
D:4:      layout_rooms, lemuel_round_altar, nicolae_overflow_squiral,
          hangedman_abyss_or_decor_stabs, uniq_blork_the_orc
D:5:      layout_rooms, temple_hall, nicolae_ossuary_entry_plus, minivault_14
D:6:      nicolae_cairo_tiling, layout_layer_cave, mainiacjoe_overflow_paths,
          hangedman_decor_riveting, hangedman_decor_clover_reticule,
          chequers_serial_rivers_small_b
D:7:      layout_rooms, nicolae_hepliaklqana_ecumenical_no_more,
          wad_floor_pattern_2, hangedman_abyss_or_decor_lesser_grid,
          minivault_25, minmay_lizard_king
Temple:   eino_narrow_crystal_temple

Skill      XL: |  1  2  3  4  5  6  7  8  9 |
---------------+----------------------------+-----
Summonings     | 5 6 7 10 | 10.0
Shields        | 2 4 |  4.0
Air Magic      | 2 4 5 |  5.1
Stealth        | 3 |  3.0
Spellcasting   | 4 5 |  5.0
Fighting       | 1 5 |  5.1
Dodging        | 3 |  3.5
Armour         | 1 |  1.6
Polearms       | 4 |  4.0

Action                   |  1- 3 |  4- 6 |  7- 9 || total
-------------------------+-------+-------+-------++-------
Melee: Staff             |    41 |    78 |     7 ||   126
       Kick              |    10 |    12 |    38 ||    60
       Peck              |     7 |     6 |    24 ||    37
       Spear             |       |       |   190 ||   190
 Cast: Summon Small Mamm |     4 |     1 |       ||     5
       Call Imp          |    17 |    19 |    24 ||    60
       Call Canine Famil |     2 |    19 |    16 ||    37
       Summon Lightning  |       |       |    17 ||    17
Invok: Curse Item        |       |       |     1 ||     1
  Use: Potion            |     1 |       |       ||     1
       Scroll            |       |       |     7 ||     7
 Stab: Sleeping          |     3 |     4 |     9 ||    16
       Distracted        |       |       |     5 ||     5
Armor: Robe              |     8 |    18 |    10 ||    36
Dodge: Dodged            |    34 |    90 |    67 ||   191
Block: Buckler           |     4 |    29 |    28 ||    61

Table legend: (Time is in decaauts)
 A = Elapsed time spent in this place.
 B = Non-inter-level travel time spent in this place.
 C = Inter-level travel time spent in this place.
 D = Time resting spent in this place.
 E = Time spent auto-exploring this place.
 F = Levels seen in this place.
 G = Mean time per level.
                   A        B        C        D        E       F      G
               +--------+--------+--------+--------+--------+-----+--------+
         Total |  13051 |  12741 |    310 |   7258 |   3973 |   9 | 1450.1 |
       Dungeon |  11705 |  11431 |    274 |   6451 |   3661 |   7 | 1672.1 |
        Temple |    184 |    148 |     36 |      0 |    140 |   1 |  184.0 |
       Ossuary |   1161 |   1161 |      0 |    807 |    171 |   1 | 1161.0 |
               +--------+--------+--------+--------+--------+-----+--------+

Top non-repeatable levels by time:
     D:1: 2242 daAuts
     D:3: 2144 daAuts
     D:2: 1932 daAuts
     D:6: 1817 daAuts
     D:5: 1654 daAuts
     D:4: 1434 daAuts
 Ossuary: 1161 daAuts
     D:7: 479 daAuts
  Temple: 184 daAuts
